 Dungeon Crawl Stone Soup version 0.31.0-12-g77e489cdc1 (webtiles) character file.

Game seed: 736556830062343086

32 Killerpretzel the Changeling (level 3, 0/23 HPs)
             Began as an Octopode Shapeshifter on Feb 27, 2024.
             Slain by a quokka (5 damage)
             ... on level 2 of the Dungeon.
             The game lasted 00:00:54 (759 turns).

Killerpretzel the Changeling (Octopode Shapeshifter) Turns: 759, Time: 00:00:54

Health: 0/23       AC:  1    Str: 13    XL:     3   Next: 27%
Magic:  3/3        EV: 13    Int: 12    God:
Gold:   19         SH:  0    Dex: 13    Spells: 2/2 levels left

rFire   . .          .
                       - Unarmed
rCold   . . .        (no shield)
rNeg    . . .        (helmet currently unavailable)
rPois   .            (no amulet)
rElec   .            (no ring)
rCorr   .            (no ring)
SInv    .            (no ring)
Will    .....        (no ring)
Stlth   ++           (no ring)
HPRegen 0.23/turn    (no ring)
MPRegen 0.08/turn    (no ring)
                     (no ring)

%: no passive effects
@: lethally poisoned (0 -> -2), beast-form
A: beast (slay +1), almost no armour, amphibious, 8 rings, camouflage 1,
gelatinous body 1, (nimble swimmer 1), tentacles
a: Begin Untransformation


You were on level 2 of the Dungeon.
You were a hulking beast.
You visited 1 branch of the dungeon, and saw 2 of its levels.

You collected 19 gold pieces.

Inventory:

Missiles
 f - 4 boomerangs (quivered)
Talismans
 b - a beast talisman
 c - a flux talisman
Scrolls
 d - 2 scrolls of teleportation
 g - 3 scrolls of amnesia {unknown}
 h - a scroll of poison {unknown}
 i - a scroll of identify {unknown}
Potions
 a - 2 potions of lignification
 e - a potion of resistance {unknown}


   Skills:
 + Level 1.5 Fighting
 + Level 2.3 Dodging
 + Level 3.2 Unarmed Combat
 * Level 3.4 Shapeshifting


You had 2 spell levels left.
You didn't know any spells.
Your spell library was empty.

Dungeon Overview and Level Annotations

Branches:
Dungeon (2/15)

Altars:


Innate Abilities, Weirdness & Mutations

You are a hulking beast.
Your limbs bulge with bestial killing power. (Slay +1)
You cannot wear most types of armour.
You are amphibious.
You can wear up to eight rings at the same time.
Your skin changes colour to match your surroundings (Stealth+).
Your rubbery body absorbs attacks. (AC +1, EV +1)
((You are camouflaged when in or above water. (Stealth+)))
You have tentacles for arms and can constrict up to eight enemies at once.


Message History

i - a scroll labelled TEANWOM UGOUWK No target in view!
No target in view!
No target in view!
No target in view!
No target in view!
No target in view!
No target in view!
No target in view!
No target in view!
No target in view!
An adder comes into view.
The adder hisses angrily.
A quokka comes into view.
The adder bites you.
You see here a +0 robe.
You barely miss the adder. You grab the adder. You constrict the adder.
The adder bites you.
You are poisoned.
The adder poisons you!
You tentacle-slap the adder but do no damage.
You squeeze the adder.
The adder is lightly wounded.
You constrict the adder.
You feel sick. The adder bites you. The quokka bites you. The adder bites you.
You are too injured to fight recklessly!
You are too injured to fight recklessly!
You are too injured to fight recklessly!
You are too injured to fight recklessly!
You are too injured to fight recklessly!
There are monsters nearby!
You tentacle-slap the adder. You squeeze the adder.
You kill the adder!
You feel sick.
The quokka bites you but does no damage.
The quokka bites you.
You closely miss the quokka. Your grab misses the quokka.
You feel sick.
The quokka twitches its whiskers.
The quokka bites you.
You die...

#.....# .......
#.....# ....... ###
#..†..# ....... ..#
#.....# .?.....
###.##.....# .......
#.#.....<..#
..$....#.⌠.#.......#
.......†# #..#.....#
#..rh###..#..[..#
#####...#.#..####
#........#
.....!.#####..#
.......# ##....
......?.# ####.
..^...... ........#
........#


You could see a quokka.

Vanquished Creatures
  An adder (D:2)
  A dart slug (D:1)
  A bat (D:2)
  A giant cockroach (D:2)
  2 goblins (D:1)
  A hobgoblin (D:1)
  3 jackals (D:1)
  A quokka (D:1)
  3 ball pythons
  A frilled lizard (D:1)
  4 kobolds (D:1)
  2 rats (D:1)
21 creatures vanquished.

Notes
Turn   | Place    | Note
-------+----------+-------------------------------------------
     0 | D:1      | Killerpretzel the Octopode Shapeshifter began the quest for
                  | the Orb.
     0 | D:1      | Reached XP level 1. HP: 13/13 MP: 1/1
   125 | D:1      | Reached XP level 2. HP: 11/18 MP: 2/2
   749 | D:2      | Reached XP level 3. HP: 23/23 MP: 3/3
   759 | D:2      | Slain by a quokka

Illustrated notes

Levels and vault maps discovered:
D:1:      psy_arrival_statuary, layout_basic
D:2:      layout_rooms, hellmonk_ecumenical_altar_prayer_group,
          grunt_decor_one_mirror, chequers_serial_rivers_micro_a,
          chequers_serial_rivers_small_3

Action                     || total
---------------------------++-------
  Melee: Unarmed           ||    41
         Constrict         ||     8
         Tentacles         ||     5
         Punch             ||     2
    Use: Scroll            ||     1
   Stab: Sleeping          ||     4
 Armour: Skin              ||    18
  Dodge: Dodged            ||    19
